 Dungeon Crawl Stone Soup version 0.17.1-3-g152610e (webtiles) character file.

101 MirrMurr the Sneak (level 4, -1/21 HPs)
             Began as a Spriggan Enchanter on Apr 16, 2016.
             Slain by a worm (6 damage)
             ... on level 2 of the Dungeon.
             The game lasted 00:08:09 (2592 turns).

MirrMurr the Sneak (Spriggan Enchanter)             Turns: 2592, Time: 00:08:09

Health: -1/21      AC:  4    Str:  4    XL:     4   Next: 48%
Magic:  1/10       EV: 18    Int: 17    God:
Gold:   27         SH:  0    Dex: 16    Spells: 4 memorised, 1 level left

rFire  . . .     SeeInvis +     a - +1 dagger
rCold  . . .     Clarity  .     b - +1 robe
rNeg   . . .     SustAt   .     (shield restricted)
rPois  .         Gourm    .     (helmet restricted)
rElec  .         Spirit   .     g - +0 cloak
rCorr  .         Warding  .     (gloves unavailable)
rMut   .         Stasis   .     (boots unavailable)
MR     .....                    (no amulet)
Stlth  ++++......               (no ring)
                                (no ring)

@: lethally poisoned (-1 -> -9), very slightly contaminated, very quick, not
resistant to hostile enchantments, stealthy
A: unfitting armour, see invisible, herbivore 3, speed 3, slow metabolism 2
a: no special abilities


You were on level 2 of the Dungeon.
You were hungry.

You visited 1 branch of the dungeon, and saw 2 of its levels.

You collected 27 gold pieces.

Inventory:

Hand Weapons
 a - a +1 dagger (weapon)
 i - a +0 dagger of venom
Missiles
 f - 29 stones (quivered)
Armour
 b - a +1 robe (worn)
 g - a +0 cloak (worn)
Scrolls
 e - 2 scrolls of remove curse {unknown}
Books
 c - a book of Maledictions

   Spells                             Type                      Level
   a - Corona                         Hexes                        1
   b - Ensorcelled Hibernation        Hexes/Ice                    2
   c - Confuse                        Hexes                        3
   d - Tukima's Dance                 Hexes                        3
   e - Dazzling Spray                 Conjuration/Hexes            3
Comestibles
 d - a bread ration
 h - a slice of pizza


   Skills:
 - Level 1.1 Short Blades
 - Level 3.0 Dodging
 * Level 7.6 Stealth
 + Level 3.5 Spellcasting
 - Level 3.6 Hexes


You had one spell level left.
You knew the following spells:

 Your Spells              Type           Power        Failure   Level  Hunger
a - Ensorcelled Hibernat  Hex/Ice        #.....       14%         2    ##.....
b - Confuse               Hex            ###.....     12%         3    ###....
c - Corona                Hex            ###....      3%          1    None
d - Dazzling Spray        Conj/Hex       #.......     24%         3    ###....


Dungeon Overview and Level Annotations

Branches:
Dungeon (2/15)

Altars:


Innate Abilities, Weirdness & Mutations

You are tiny and cannot use many weapons and most armour.
You have supernaturally acute eyesight.
You are a herbivore.
You cover ground extremely quickly.
You need consume almost no food.


Message History

You hit the adder but do no damage.
The adder is lightly wounded.
You feel sick. The adder closely misses you.
Casting: Ensorcelled Hibernation
Confirm with . or Enter, or press ? or * to list all spells.
You don't have enough magic to cast that spell.
Unknown command.
You hit the adder.
The adder is moderately wounded.
* * * LOW HITPOINT WARNING * * *
You feel sick. The adder closely misses you. The worm misses you.
The adder misses you.
You hit the adder but do no damage.
The adder is moderately wounded.
The adder bites you but does no damage.
You hit the adder.
The adder is severely wounded.
* * * LOW HITPOINT WARNING * * *
You feel sick. The adder bites you but does no damage. The worm bites you.
You die...

... .(. .. .. #. . #. ####
..!.##.#######..###
........S@w.......##
.....#.#####[......### .......
#.>...>....
..............######<.##.###
....................w.# .#
......................##.#
......[..........$.....#.#
.........................## #.
.................(........##...


You could see a worm and an adder.

Vanquished Creatures
  Terence (D:2)
  A gnoll (D:1)
  3 adders
  An ooze (D:1)
  2 worms (D:2)
  2 giant geckos (D:1)
  4 bats
  2 giant cockroaches
  5 goblins
  3 jackals (D:1)
  A giant newt (D:1)
  4 kobolds
29 creatures vanquished.

Notes
Turn   | Place    | Note
--------------------------------------------------------------
     0 | D:1      | MirrMurr the Spriggan Enchanter began the quest for the Orb.
     0 | D:1      | Reached XP level 1. HP: 9/9 MP: 5/5
    83 | D:1      | Reached skill level 5 in Stealth
   597 | D:1      | Reached XP level 2. HP: 13/13 MP: 6/6
  1018 | D:2      | Noticed Terence
  1082 | D:1      | Learned a level 2 spell: Ensorcelled Hibernation
  1315 | D:1      | Reached skill level 6 in Stealth
  1350 | D:2      | Reached XP level 3. HP: 14/16 MP: 8/8
  1355 | D:2      | Learned a level 3 spell: Confuse
  1658 | D:2      | Killed Terence
  1658 | D:2      | Reached skill level 7 in Stealth
  1701 | D:1      | Reached XP level 4. HP: 14/21 MP: 4/9
  1706 | D:1      | Learned a level 3 spell: Dazzling Spray
  2592 | D:2      | Slain by a worm

Action                   |  1- 3 |  4- 6 || total
-------------------------+-------+-------++-------
Melee: Dagger            |    74 |    70 ||   144
 Cast: Ensorcelled Hiber |     6 |    13 ||    19
  Use: Scroll            |     2 |       ||     2
 Stab: Sleeping          |    10 |     3 ||    13
